 Dungeon Crawl Stone Soup version 0.16.1-51-g6203257 (webtiles) character file.

1169 RepoMan the Changer (level 8, -5/43 HPs)
             Began as a Gargoyle Transmuter on July 18, 2015.
             Was an Initiate of Ru.
             Killed by nerve-wracking pain
             ... invoked by a shadow imp
              (10 damage)
             ... on level 6 of the Dungeon.
             The game lasted 01:12:41 (8321 turns).

RepoMan the Changer (Gargoyle Transmuter)           Turns: 8321, Time: 01:12:41

Health: -5/43      AC:  9    Str: 15    XL:     8   Next: 40%
Magic:  16/19      EV: 12    Int: 13    God:    Ru [......]
Gold:   245        SH:  0    Dex: 12    Spells: 2 memorised, 13 levels left

rFire  . . .     SeeInvis .       - Unarmed
rCold  . . .     Clarity  +     c - +0 robe
rNeg   + . .     SustAb   .     (no shield)
rPois  ∞         Gourm    .     z - +1 helmet
rElec  +         Spirit   .     (no cloak)
rCorr  .         Warding  .     (no gloves)
rMut   .         Stasis   .     (boots unavailable)
MR     .....                    C - amulet of clarity
Stlth  +.........               (no ring)
                                (no ring)

@: appendage, not resistant to hostile enchantments, very unstealthy
A: talons 3, negative energy resistance 1, electricity resistance, unbreathing,
petrification resistance, rot immunity, AC +5
a: End Transformation, Renounce Religion


You were on level 6 of the Dungeon.
You worshipped Ru.
Ru was noncommittal.
You were hungry.
You had grown temporary talons.
You visited 2 branches of the dungeon, and saw 7 of its levels.

You collected 245 gold pieces.

Inventory:

Missiles
 w - 3 tomahawks (quivered)
Armour
 b - a +0 cloak
 c - a +0 robe (worn)
 z - a +1 helmet (worn)
Jewellery
 C - an amulet of clarity (around neck)
Magical devices
 i - a wand of digging (7)
 B - a wand of digging (3)
Scrolls
 e - a scroll of fog
 f - a scroll of magic mapping
 j - 4 scrolls of remove curse
 l - a scroll of enchant weapon
 n - a scroll of silence {unknown}
 o - 6 scrolls of identify
 p - a scroll of teleportation
Potions
 h - a potion of restore abilities
Books
 d - a book of Changes

   Spells                             Type                      Level
   a - Beastly Appendage              Transmutation                1
   b - Sticks to Snakes               Transmutation                2
   c - Spider Form                    Transmutation/Poison         3
   d - Ice Form                       Ice/Transmutation            4
   e - Blade Hands                    Transmutation                5
Comestibles
 a - 6 bread rations
 k - a chunk of flesh
 m - a beef jerky
 r - 3 meat rations


   Skills:
 - Level 1.1 Fighting
 - Level 1.5 Dodging
 + Level 5.6 Unarmed Combat
 + Level 4.9 Spellcasting
 * Level 5.9 Transmutations


You had 13 spell levels left.
You knew the following spells:

 Your Spells              Type           Power        Failure   Level  Hunger
a - Beastly Appendage     Trmt           ###...       1%          1    None
s - Sticks to Snakes      Trmt           ###.......   2%          2    ##.....


Dungeon Overview and Level Annotations

Branches:
Dungeon (6/15)             Temple (1/1) D:5

Altars:
Ashenzari
Cheibriados
Dithmenos
Elyvilon
Fedhas
Gozag
Kikubaaqudgha
Makhleb
Nemelex Xobeh
Okawaru
Qazlal
Ru
Vehumet
Xom
Yredelemnul
The Shining One


Innate Abilities, Weirdness & Mutations

You are resistant to torment.
You are immune to poison.
Your stone body is very resilient (AC +5).
You resist negative energy.
You are resistant to electric shocks.
You can survive without breathing.
You are immune to petrification.
You are immune to rotting.
You have claws for feet.


Message History

The orc hits you from afar with a trident.
* * * LOW HITPOINT WARNING * * *
The shadow imp closely misses your adder.
The orc wizard hits your adder with a dagger.
The orc priest hits you with a short sword.
* * * LOW HITPOINT WARNING * * *
Your adder bites the orc wizard.
The orc wizard looks even sicker.
Your adder poisons the orc wizard!
The orc wizard barely misses your adder.
Your adder misses the orc wizard.
Found 13 gold pieces.
Found an escape hatch in the ceiling.
Your adder barely misses the orc wizard.
The orc wizard casts a spell at you.
The shadow imp resists with significant effort.
The shadow imp gestures at the surrounding area.
The dead are walking!
Your adder closely misses the orc wizard.
The shadow imp gestures at you. Pain shoots through your body!
You die...

... .........
......<..
.$........
...>...#..
###........
.......#.# #
#.....#o# #..#
#.@..o#.# (..#
#...5S#o#....##
#...o.#.#.....#
#....o#...#
..#####
######...##
....... ##......##
#.....
##........####...#
#...............#
#..........###..#


You could see an orc priest, an orc wizard, a shadow imp, an orc and a friendly
adder.

Vanquished Creatures
  A water moccasin (D:5)
  A necrophage (D:5)
  A centaur (D:5)
  A crimson imp (D:4)
  A giant frog zombie (D:5)
  2 jellies
  2 hounds
  5 worker ants
  2 orc wizards (D:5)
  A hound skeleton (D:4)
  A hound zombie (D:5)
  Robin (D:3)
  2 gnolls (D:2)
  A shadow imp (D:5)
  4 adders
  2 giant mites
  4 giant geckos
  An ooze (D:1)
  9 orcs
  3 ball pythons
  8 bats
  A bat skeleton (D:3)
  5 bat zombies
  4 giant cockroaches
  21 goblins
  14 hobgoblins
  9 kobolds
  3 quokkas
  4 giant newts
  9 jackals
  8 rats
131 creatures vanquished.

Vanquished Creatures (collateral kills)
  3 ogres
  A water moccasin skeleton (D:4)
  A scorpion (D:4)
  2 vampire bats (D:3)
  An orc wizard (D:5)
  A worker ant (D:4)
  Terence (D:3)
  A gnoll (D:2)
  An adder (D:2)
  3 worms
  A kobold (D:3)
  A bat (D:2)
  4 goblins (D:3)
  A rat (D:4)
22 creatures vanquished.

Grand Total: 153 creatures vanquished

Notes
Turn   | Place    | Note
--------------------------------------------------------------
     0 | D:1      | RepoMan, the Gargoyle Transmuter, began the quest for the Orb.
     0 | D:1      | Reached XP level 1. HP: 12/12 MP: 3/3
   275 | D:1      | Reached XP level 2. HP: 16/16 MP: 2/4
   279 | D:1      | Learned a level 2 spell: Sticks to Snakes
   766 | D:1      | Reached XP level 3. HP: 13/20 MP: 3/6
  1801 | D:2      | Reached XP level 4. HP: 25/25 MP: 6/8
  2502 | D:3      | Noticed Terence
  2526 | D:3      | Killed Terence
  2699 | D:3      | Noticed Robin
  2710 | D:3      | Reached XP level 5. HP: 27/29 MP: 9/11
  2722 | D:3      | Killed Robin
  3062 | D:3      | Found an ancient bone altar of Kikubaaqudgha.
  3110 | D:3      | Reached skill level 4 in Unarmed Combat
  3580 | D:3      | Noticed an ogre
  3609 | D:3      | Killed an ogre
  3609 | D:3      | Reached XP level 6. HP: 23/34 MP: 2/13
  4073 | D:4      | Found a glowing golden altar of the Shining One.
  4094 | D:4      | Found a radiant altar of Vehumet.
  4159 | D:4      | Found an opulent altar of Gozag.
  4568 | D:4      | Reached XP level 7. HP: 12/38 MP: 9/15
  5430 | D:5      | Entered Level 5 of the Dungeon
  6661 | D:5      | Found a staircase to the Ecumenical Temple.
  6667 | Temple   | Entered the Ecumenical Temple
  6789 | Temple   | Became a worshipper of Ru the Awakened
  6893 | D:5      | Reached skill level 5 in Unarmed Combat
  6893 | D:5      | Reached skill level 5 in Transmutations
  7266 | D:5      | Reached XP level 8. HP: 38/43 MP: 18/18
  7843 | D:6      | Found a snail-covered altar of Cheibriados.
  8321 | D:6      | Killed from afar by a shadow imp

Action                   |  1- 3 |  4- 6 |  7- 9 || total
-------------------------+-------+-------+-------++-------
Melee: Unarmed           |   145 |   325 |   284 ||   754
Throw: Stone             |     5 |       |       ||     5
       Throwing net      |       |     3 |     1 ||     4
       Tomahawk          |       |       |     8 ||     8
 Cast: Beastly Appendage |    21 |    26 |    26 ||    73
       Sticks to Snakes  |     9 |    33 |     9 ||    51
Evoke: Wand              |       |       |     1 ||     1
  Use: Potion            |     1 |       |     7 ||     8
       Scroll            |       |       |    13 ||    13
 Stab: Sleeping          |       |     1 |       ||     1
       Held in net/web   |       |       |     1 ||     1
  Eat: Chunk             |     3 |    10 |     8 ||    21
       Pizza             |     1 |       |       ||     1
       Fruit             |       |     1 |     6 ||     7
